AoeStats
← Fugi

Arabia

510169689Analyzed
2v2 RM · 1d ago on Sep 29, 2026· 30m 42s· 4 players
Game mode
Random Map
Map size
Medium (4 player)
Population
200
Speed
Normal
Resources
Standard
Victory
Conquest
Starting age
Dark Age
Ending age
Imperial Age
RankedLock teamsTeams togetherTeam positionsShared explorationLock speedFull tech treeHidden civsTurbo modeCheats
Victory
Defeat
🇫🇷 Wei · France
1374
+16
🇫🇷 Saxons · France
1309
+18
🇪🇸 Persians · Spain
1391
-18
🇪🇸 Maya · Spain
1331
-16
Popachewbi
7:50 Loom
9:49 Feudal Age
10:53 Double-Bit Axe
15:42 Scale Barding Armor
15:52 Horse Collar
18:13 Forging
23:10 Castle Age
22:09 Bloodlines
21:57 Gold Mining
23:55 Husbandry
23:20 Light Cavalry
25:33 Bow Saw
26:45 Chain Barding Armor
27:03 Town Watch
28:19 Iron Casting
Chili
6:38 Loom
9:43 Feudal Age
10:18 Double-Bit Axe
9:54 Man-at-Arms
14:18 Fletching
17:41 Padded Archer Armor
19:17 Scale Mail Armor
21:26 Wheelbarrow
24:21 Castle Age
24:26 Crossbowman
25:04 Bodkin Arrow
25:37 Bow Saw
28:32 Hand Cart
28:14 Gold Mining
28:59 Thumb Ring
31:20 Ballistics
Fugi
6:25 Loom
8:43 Feudal Age
9:27 Double-Bit Axe
9:54 Horse Collar
16:16 Scale Barding Armor
17:21 Forging
16:54 Man-at-Arms
22:30 Castle Age
21:52 Gold Mining
22:29 Light Cavalry
23:31 Chain Barding Armor
24:36 Husbandry
24:51 Bow Saw
26:58 Bloodlines
30:05 Wheelbarrow
Hercules
0:29 Loom
9:17 Feudal Age
9:55 Double-Bit Axe
19:35 Fletching
19:45 Padded Archer Armor
25:11 Castle Age
23:46 Gold Mining
25:27 Crossbowman
29:00 Padded Archer Armor
31:09 Bodkin Arrow
Connection lost

Rejoining the realm…

Still unreachable

The connection could not be restored.

Session expired

The server has moved on; the page needs a fresh start.